Map: Odyssey LE

Players

Winthrowe

  • Race: Terran Terran
  • League: Silver
  • Spawn Location: 11:00

A.I. 1 (Very Hard) - Winner!

  • Race: Zerg Zerg
  • Spawn Location: 5:00

VOD

Have the link to the VOD?

Description

Time

  • Played on: Aug. 20, 2017, 8:58 p.m.
  • Length: 15:17
Show
View Real Time Build Order
Export as new Build Order

Winthrowe Terran 

Build Orders: MMM Bio 

Get SALT Encoding   

  12  0:02  SCV  
  13  0:14  SCV  
  13  0:19  Supply Depot  
  14  0:27  SCV  
  15  0:40  SCV  
  16  0:42  Barracks  
  16  0:50  Refinery  
  16  0:52  SCV  
  17  1:04  SCV  
  18  1:17  SCV  
  19  1:34  Command Center  
  19  1:38  Supply Depot  
  19  1:41  SCV  
  19  1:45  Marine  
  21  1:53  SCV  
  22  2:03  Marine  
  22  2:05  SCV  
  24  2:17  SCV  
  24  2:19  Engineering Bay  
  24  2:20  Marine  
  26  2:29  SCV  
  27  2:39  Barracks Tech Lab  
  27  2:41  SCV  
  28  2:47  Supply Depot  
  28  2:53  Planetary Fortress  
  28  2:56  Orbital Command  
  28  3:13  Marine  
  28  3:17  Stimpack  
  29  3:25  Supply Depot  
  29  3:31  Marine  
  30  3:37  SCV x2  
  32  3:48  Refinery  
  32  3:49  SCV x2  
  32  3:50  Marine, Barracks  
  32  3:52  Refinery  
  35  4:09  Marauder  
  37  4:21  SCV x2  
  39  4:33  SCV x2  
  43  4:38  Marauder  
  43  4:39  Marine  
  43  4:40  Engineering Bay  
  43  4:45  SCV x2  
  46  4:57  Marine, SCV x2  
  46  4:59  Marine  
  50  5:06  Terran Infantry Armor Level 1, Terran Infantry Weapons Level 1  
  50  5:09  Factory, SCV x2  
  52  5:15  Barracks Reactor  
  52  5:17  Marine, Combat Shields  
  55  5:35  Marauder  
  55  5:41  Command Center  
  55  5:51  Marine  
  55  5:52  Marine  
  55  5:54  SCV  
  55  5:55  SCV  
  55  5:56  Marine  
  60  6:06  Refinery  
  60  6:07  SCV x2  
  62  6:17  Supply Depot  
  62  6:24  SCV  
  62  6:25  Marine, SCV  
  62  6:26  Marine  
  62  6:27  Marine  
  57  6:36  Concussive Shells  
  57  6:37  SCV  
  56  6:43  Marine  
  56  6:44  Starport, Marauder  
  56  6:45  Marine  
  58  6:50  Hellion  
  60  6:58  SCV  
  60  6:59  SCV  
  62  7:01  Marine  
  62  7:02  Marine  
  62  7:06  Marauder  
  66  7:10  SCV  
  66  7:11  SCV, Hellion  
  66  7:12  Planetary Fortress  
  70  7:19  Marine  
  70  7:20  Marine  
  72  7:23  SCV x2  
  72  7:27  Marauder  
  76  7:32  Sensor Tower  
  76  7:33  Hellion  
  76  7:35  SCV x2  
  76  7:37  Marine  
  80  7:38  Marine  
  82  7:47  SCV x2  
  84  7:54  Marine  
  85  7:59  Starport Reactor  
  85  8:06  Factory Tech Lab  
  85  8:11  Supply Depot  
  85  8:14  Supply Depot  
  85  8:27  Sensor Tower  
  85  8:33  Marine x2, SCV x3, Marauder  
  85  8:34  Supply Depot  
  92  8:37  Supply Depot  
  92  8:45  SCV x3  
  95  8:50  Marine x2, Barracks  
  95  8:55  Marauder  
  99  8:57  SCV x3, Supply Depot  
  99  8:58  Armory  
  99  8:59  Supply Depot  
  99  9:00  Siege Tank  
  105  9:08  Marine  
  105  9:09  SCV x3  
  109  9:10  Marine  
  109  9:16  Marauder  
  112  9:19  Medivac x2  
  112  9:21  SCV x3  
  119  9:26  Marine  
  119  9:28  Marine  
  121  9:32  Siege Tank  
  121  9:35  Supply Depot  
  121  9:37  Marauder  
  126  9:43  Supply Depot  
  126  9:44  Marine  
  127  9:45  Supply Depot  
  127  9:46  Marine  
  127  9:49  Medivac x2  
  132  9:59  Supply Depot, Marauder  
  134  10:02  Marine  
  134  10:04  Marine, Siege Tank  
  134  10:07  Supply Depot  
  139  10:09  Supply Depot  
  139  10:11  Barracks Reactor  
  139  10:14  Command Center  
  139  10:19  Viking x2  
  139  10:20  Marine, Marauder  
  146  10:21  Marine, Supply Depot  
  147  10:29  Supply Depot  
  147  10:33  Supply Depot  
  147  10:36  Widow Mine  
  147  10:37  Marine  
  147  10:40  Marine  
  147  10:42  Marauder  
  153  10:43  Supply Depot  
  153  10:49  Viking x2  
  157  10:55  Marine  
  158  10:58  Marine x3  
  158  11:03  Marauder  
  163  11:13  Marine, Starport  
  163  11:15  Marine  
  163  11:16  Marine x2  
  167  11:19  Medivac x2  
  167  11:24  Marauder  
  149  11:31  Marine  
  130  11:33  Marine  
  130  11:34  Marine x2  
  130  11:36  Unknown  
  124  11:46  Marauder  
  123  11:49  Marine, Viking x2  
  123  11:51  Marine  
  123  11:52  Marine x2  
  124  12:06  Marine  
  124  12:07  Marine  
  126  12:09  Marine x2  
  126  12:10  Marine  
  129  12:17  Thor  
  129  12:19  Viking x2  
  139  12:24  Marine  
  139  12:25  Marauder  
  139  12:27  Marine x3  
  145  12:36  Refinery  
  145  12:37  Refinery  
  145  12:42  Marine  
  146  12:44  Marine  
  146  12:45  Marine x2  
  146  12:46  Marauder  
  146  12:49  Viking  
  153  13:00  Marine, Thor  
  153  13:02  Marine  
  153  13:03  Marine x2  
  163  13:08  Marauder  
  165  13:14  Refinery  
  165  13:15  Refinery  
  165  13:18  Marine  
  165  13:19  Unknown  
  154  13:20  Marine  
  154  13:21  Marine x2  
  111  13:29  Marauder  
  99  13:35  Marine  
  99  13:38  Marine x2, Starport Tech Lab  
  99  13:39  Marine  
  101  13:42  Unknown  
  101  13:43  Thor, Unknown  
  95  13:49  Fusion Core  
  95  13:50  Ghost Academy, Marauder  
  95  13:53  Marine  
  94  14:01  Marine  
  94  14:02  Marine x2  
  96  14:11  Marine  
  96  14:12  Marauder  
  86  14:19  Marine  
  86  14:20  Marine x2  
  84  14:26  Thor  
  84  14:29  Marine  
  79  14:33  Marauder  
  79  14:37  Marine x3  
  84  14:47  Marine  
  81  14:55  Marine x3  
  81  14:58  Unknown  
  81  14:59  Unknown x2  
  44  15:14  Unknown  
Show
View Real Time Build Order
Export as new Build Order

A.I. 1 (Very Hard) Zerg - Winner!

Build Orders: Pool First 

Get SALT Encoding   

  12  0:00  Drone  
  13  0:12  Overlord  
  13  0:17  Drone  
  14  0:30  Drone x2  
  16  0:42  Spawning Pool  
  15  0:45  Drone  
  15  0:49  Drone  
  17  1:13  Hatchery, Drone  
  17  1:17  Extractor  
  16  1:19  Drone  
  16  1:22  Drone  
  18  1:27  Drone  
  19  1:38  Overlord  
  19  1:49  Queen, Drone  
  22  1:59  Zergling x2  
  23  2:10  Drone  
  24  2:21  Drone  
  25  2:25  Queen  
  25  2:26  Roach Warren  
  25  2:29  Drone  
  27  2:33  Extractor  
  26  2:39  Drone  
  27  2:44  Overlord  
  27  2:48  Drone  
  28  2:51  Drone  
  28  2:54  Drone  
  28  2:57  Drone  
  31  3:00  Drone  
  31  3:03  Zergling x2  
  33  3:06  Zergling x2  
  33  3:11  Roach  
  36  3:15  Roach  
  36  3:19  Roach  
  40  3:22  Roach  
  40  3:27  Drone  
  43  3:28  Drone  
  43  3:32  Overlord  
  44  3:39  Lair  
  44  3:50  Drone x3  
  44  3:51  Drone  
  44  3:53  Drone  
  44  3:55  Drone  
  50  4:00  Drone x2  
  52  4:04  Overlord  
  52  4:22  Zergling x2, Drone x5  
  58  4:31  Overlord x2, Zergling x4  
  60  4:39  Hydralisk Den, Drone  
  60  4:40  Infestation Pit  
  60  4:41  Drone  
  60  4:49  Roach x4  
  68  4:55  Overlord  
  68  5:08  Hydralisk x2  
  68  5:09  Hydralisk x2  
  68  5:13  Drone x2  
  68  5:14  Overlord  
  78  5:18  Hive  
  78  5:26  Infestor  
  80  5:29  Overlord  
  80  5:32  Overlord  
  80  5:36  Evolution Chamber  
  80  5:37  Drone  
  80  5:40  Evolution Chamber, Drone  
  80  5:42  Overlord  
  80  5:45  Overlord  
  80  5:52  Zergling x2  
  80  5:53  Zergling x2  
  80  5:54  Infestor  
  80  5:55  Zergling x2  
  80  5:56  Zergling x2  
  86  5:58  Zergling x2  
  86  6:02  Zergling x2  
  88  6:06  Overlord  
  88  6:07  Overlord  
  88  6:22  Infestor  
  88  6:23  Zergling x2  
  88  6:24  Zergling x2  
  88  6:25  Zergling x2  
  90  6:26  Zergling x2  
  90  6:27  Zergling x2, Drone  
  90  6:29  Extractor  
  90  6:31  Extractor  
  87  6:33  Drone  
  87  6:36  Evolution Chamber  
  87  6:37  Drone  
  87  6:38  Roach x2, Drone  
  93  6:46  Ravager, Spine Crawler  
  93  6:47  Drone  
  93  6:50  Roach  
  93  6:52  Spine Crawler, Drone  
  93  6:53  Hatchery, Drone x2  
  97  7:00  Ravager, Drone  
  99  7:01  Drone  
  100  7:09  Overseer  
  100  7:10  Roach, Drone x2  
  100  7:12  Drone  
  105  7:20  Infestor  
  107  7:23  Roach  
  107  7:25  Roach  
  107  7:28  Roach  
  113  7:30  Spore Crawler  
  113  7:31  Spore Crawler  
  111  7:37  Metabolic Boost  
  111  7:47  Zerg Melee Weapons Level 1  
  111  7:56  Zerg Missile Weapons Level 1  
  111  8:04  Queen  
  111  8:05  Drone x5  
  116  8:06  Drone x5  
  116  8:07  Drone  
  116  8:10  Zerg Ground Armor Level 1, Drone  
  125  8:13  Drone x2  
  125  8:14  Drone  
  125  8:15  Overlord, Drone  
  125  8:17  Hydralisk  
  125  8:18  Extractor, Drone x2  
  132  8:21  Drone  
  132  8:26  Hydralisk, Drone  
  136  8:32  Extractor  
  136  8:33  Lurker Den, Drone  
  136  8:36  Overlord  
  136  8:39  Drone  
  137  8:43  Drone  
  137  8:48  Ravager  
  139  8:50  Roach  
  139  8:55  Ravager, Overlord, Drone x2  
  144  8:58  Roach  
  144  8:59  Roach  
  144  9:01  Roach  
  150  9:09  Spine Crawler  
  149  9:12  Viper  
  149  9:14  Overlord  
  152  9:21  Spine Crawler  
  152  9:23  Spore Crawler  
  150  9:24  Drone  
  150  9:25  Viper  
  150  9:28  Queen  
  156  9:33  Overlord  
  156  9:34  Pathogen Glands  
  156  9:35  Hatchery  
  155  9:44  Zerg Melee Weapons Level 2  
  155  9:53  Zerg Missile Weapons Level 2  
  155  9:59  Spine Crawler  
  154  10:01  Hydralisk, Lurker  
  154  10:02  Lurker  
  154  10:05  Hydralisk  
  160  10:16  Spine Crawler  
  160  10:18  Spine Crawler  
  160  10:21  Spine Crawler  
  157  10:28  Spine Crawler  
  157  10:32  Spore Crawler  
  157  10:34  Spine Crawler  
  157  10:35  Zerg Ground Armor Level 2  
  154  10:44  Zergling x2  
  154  10:46  Zergling x2  
  154  10:47  Drone x3  
  154  10:48  Drone x5  
  154  10:49  Drone x4  
  168  10:50  Overlord, Drone  
  168  10:51  Overseer  
  168  10:53  Extractor  
  168  10:54  Drone  
  169  10:58  Extractor  
  169  10:59  Hatchery, Drone x2  
  169  11:00  Overseer  
  169  11:01  Spore Crawler  
  169  11:02  Drone  
  169  11:05  Spore Crawler, Drone  
  169  11:08  Spore Crawler  
  169  11:10  Pneumatized Carapace, Drone  
  169  11:12  Spine Crawler  
  169  11:13  Drone  
  167  11:18  Zergling x2  
  167  11:19  Baneling Nest, Zergling x2, Drone  
  167  11:20  Zergling x6  
  167  11:22  Hydralisk x2, Zergling x2  
  167  11:23  Roach, Zergling x4  
  165  11:26  Roach, Zergling x2  
  165  11:28  Hydralisk x2, Zergling x2, Roach  
  165  11:29  Roach x2  
  165  11:30  Roach x2  
  165  11:32  Hydralisk, Roach  
  163  11:33  Roach x2  
  163  11:35  Hydralisk  
  163  11:37  Roach  
  163  11:38  Roach  
  162  11:41  Roach  
  162  11:43  Roach  
  162  11:45  Roach  
  153  11:57  Ravager  
  153  11:58  Roach  
  153  11:59  Ravager  
  153  12:00  Ravager x2, Roach  
  153  12:01  Roach x2  
  165  12:03  Baneling  
  165  12:04  Zerg Melee Weapons Level 3  
  165  12:07  Baneling, Overseer  
  165  12:08  Baneling x4  
  165  12:10  Zergling x2  
  165  12:11  Baneling x3, Zergling x6  
  165  12:12  Spore Crawler  
  165  12:14  Spire  
  167  12:16  Drone  
  167  12:18  Drone  
  167  12:19  Baneling, Zergling x2  
  167  12:20  Baneling  
  170  12:26  Centrifical Hooks  
  170  12:29  Zergling x4  
  172  12:30  Baneling  
  172  12:34  Baneling, Overlord, Zergling x2  
  172  12:35  Baneling  
  172  12:37  Queen  
  175  12:48  Baneling x2, Zergling x2  
  176  12:53  Baneling x2, Zergling x2  
  177  12:59  Spine Crawler  
  177  13:00  Drone  
  177  13:01  Spine Crawler  
  177  13:02  Drone  
  177  13:07  Baneling, Zergling x4  
  177  13:10  Baneling  
  177  13:12  Spore Crawler  
  178  13:13  Drone  
  178  13:19  Hydralisk  
  177  13:20  Extractor, Zergling x2, Drone  
  177  13:21  Zergling x2  
  177  13:22  Spine Crawler, Zergling x2  
  177  13:23  Overlord x2, Zergling x2, Drone  
  177  13:25  Mutalisk  
  177  13:26  Mutalisk x2  
  180  13:27  Mutalisk  
  181  13:36  Hydralisk x2  
  181  13:39  Spore Crawler  
  181  13:40  Drone  
  183  13:42  Spore Crawler  
  183  13:43  Drone  
  183  13:47  Spore Crawler  
  183  13:48  Drone  
  176  14:01  Spore Crawler  
  176  14:02  Drone  
  175  14:03  Spine Crawler  
  175  14:04  Hydralisk x2, Zergling x2, Drone  
  175  14:05  Zergling x2  
  175  14:06  Zergling x2  
  175  14:07  Zergling x2  
  175  14:08  Overseer, Zergling x2  
  177  14:11  Zergling x2  
  176  14:17  Viper  
  176  14:20  Hatchery  
  176  14:22  Drone  
  176  14:23  Spine Crawler  
  169  14:24  Drone  
  169  14:26  Baneling  
  169  14:27  Spine Crawler  
  169  14:28  Drone  
  170  14:32  Spore Crawler  
  170  14:34  Drone  
  170  14:37  Hydralisk  
  172  14:38  Zergling x2  
  172  14:44  Zergling x2  
  174  14:47  Spine Crawler  
  174  14:48  Drone  
  174  14:50  Zergling x2  
  173  14:53  Roach  
  173  14:54  Roach  
  173  14:56  Roach  
  173  14:58  Roach  
  179  15:06  Spore Crawler  
  180  15:08  Spore Crawler  
Tags
 
Composition
MMM Bio
League
Silver
Matchup
TvZ
Opening
Pool First
Spawn Locations
Cross Positions
Add a new tag
Caveats
  • Supply blocks, unpowered buildings, or Contaminate may cause inaccurate times.
  • Supply counts are checked every 10 seconds.